 Dungeon Crawl Stone Soup version 0.23.2-40-g277498a001 (webtiles) character file.

Game seed: 7557374960626362991

219 Htamos the Vexing (level 5, -10/61 HPs)
             Began as a Gnoll Arcane Marksman on Aug 25, 2019.
             Killed by divine providence
             ... invoked by an orc priest
              (17 damage)
             ... on level 3 of the Dungeon.
             The game lasted 00:11:49 (3498 turns).

Htamos the Vexing (Gnoll Arcane Marksman)           Turns: 3498, Time: 00:11:50

Health: -10/61     AC: 22    Str: 13    XL:     5   Next: 96%
Magic:  9/9        EV:  2    Int: 16    God:
Gold:   109        SH:  0    Dex: 15    Spells: 9/10 levels left

rFire    . . .     SeeInvis .   b - +0 club
rCold    . . .     Gourm    .   (no shield)
rNeg     + + +     Faith    .   (armour currently unavailable)
rPois    +         Spirit   .   (helmet currently unavailable)
rElec    .         Reflect  .   (cloak currently unavailable)
rCorr    .         Harm     .   (gloves currently unavailable)
MR       .....     Clarity  +   (boots currently unavailable) Stlth ++........NoTele +
                                (no amulet)
HPRegen  0.20/turn              (no ring)
MPRegen  0.11/turn              (no ring)

@: tree-form (expiring)
A: distributed training, clarity, strong nose
a: no special abilities


You were on level 3 of the Dungeon.
You were not hungry.
You were a tree.
You visited 1 branch of the dungeon, and saw 3 of its levels.

You collected 109 gold pieces.

Inventory:

Hand Weapons
 a - a +0 shortbow
 b - a +0 club (weapon)
Missiles
 g - 107 stones (quivered)
 h - 16 sling bullets
 m - 6 arrows
Armour
 e - a +0 robe
 j - a +0 ring mail (melded)
 l - a +0 leather armour
 o - a +0 pair of gloves (melded)
Jewellery
 p - an uncursed ring of positive energy
Wands
 c - a wand of flame (18)
Scrolls
 d - 2 scrolls of teleportation
 i - a scroll of remove curse
 n - a scroll of noise {unknown}
 u - a scroll of identify
Comestibles
 f - 3 rations


   Skills:
 + Level 3.1 Fighting
 + Level 1.6 Short Blades
 + Level 1.6 Long Blades
 + Level 1.6 Axes
 + Level 1.6 Maces & Flails
 + Level 1.6 Polearms
 + Level 1.6 Staves
 + Level 1.6 Slings
 + Level 4.8 Bows
 + Level 1.6 Crossbows
 + Level 1.6 Throwing
 + Level 1.6 Armour
 + Level 4.8 Dodging
 + Level 1.6 Stealth
 + Level 1.6 Shields
 + Level 1.6 Unarmed Combat
 + Level 3.2 Spellcasting
 + Level 1.3 Conjurations
 + Level 5.6 Hexes
 + Level 1.3 Charms
 + Level 1.3 Summonings
 + Level 1.3 Necromancy
 + Level 1.3 Translocations
 + Level 1.3 Transmutations
 + Level 1.3 Fire Magic
 + Level 1.3 Ice Magic
 + Level 1.3 Air Magic
 + Level 1.3 Earth Magic
 + Level 1.3 Poison Magic
 + Level 1.9 Invocations
 + Level 1.6 Evocations


You had 9 spell levels left.
You knew the following spells:

 Your Spells              Type           Power        Failure   Level  Hunger
a - Corona                Hex            ###....      1%          1    None

Your spell library contained the following spells:

 Spells                   Type           Power        Failure   Level  Hunger
 Slow                     Hex            ###.....     2%          2    ##.....
 Inner Flame              Hex/Fire       ##......     13%         3    ###....
 Portal Projectile        Hex/Tloc       ##....       13%         3    ###....
 Cause Fear               Hex            ###.......   19%         4    ####...
 Leda's Liquefaction      Hex/Erth       ##........   41%         4    ####...


Dungeon Overview and Level Annotations

Branches:
Dungeon (3/15)

Altars:
Ashenzari


Innate Abilities, Weirdness & Mutations

Your experience applies equally to all skills.
((You have very sharp teeth.))
Your uncanny sense of smell can sniff out nearby items.
((You have large cloven feet.))
You possess an exceptional clarity of mind.


Message History

* * * LOW HITPOINT WARNING * * *
You hit the orc priest but do no damage.
The orc priest looks satisfied for a moment.
You hit the orc priest but do no damage.
The orc priest hits you but does no damage.
You closely miss the orc priest.
The orc priest hits you but does no damage.
You hit the orc priest but do no damage.
Your transformation is almost over.
The orc priest hits you but does no damage. x2
You hit the orc priest but do no damage.
The orc priest begins to cast a cantrip, but forgets the words!
You hit the orc priest but do no damage.
The orc priest barely misses you.
You hit the orc priest but do no damage.
The orc priest hits you but does no damage.
You completely miss the orc priest.
The orc priest mumbles some strange prayers to Beogh against you.
Beogh smites you!
You die...

,,,,,,,,,,* #.......#,,,,*,***
,,..,,,,,,*#####......##,****,,,,
.....,,,,,*#.....)..#....#,,,,,*,
....,,,,,,*#........#.####,**,**,
....,,,,,,*#...........,,*,*,,,,,
..#,#*+****#......###....*,****,,
.,,.##,.# #......# *##...,* *,,
###..##.# #......#****,##******,
........# #####♣##*,,,,,,,,,,**,
..#.....## #o# *,,,,,,,,,,+,,
..#......## #o# *,,,,,,,,,,***
###....[..## #.# *,,,,,,,,,,*
...........# #.# *,,,,,,,,,,*
...........# #.# ************
...........# #.# ...........# #.#
...........## #.#


You could see an orc priest and an orc.

Vanquished Creatures
  An orc wizard (D:3)
  Natasha (thrice) (D:2)
  3 adders
  2 oozes (D:2)
  2 worms
  3 dart slugs (D:1)
  2 leopard geckos
  3 orcs (D:3)
  3 giant cockroaches
  2 goblins
  9 hobgoblins
  9 jackals
  A quokka (D:3)
  A ball python (D:2)
  6 bats
  7 frilled lizards
  7 kobolds
  5 rats
  A plant (D:2)
70 creatures vanquished.

Vanquished Creatures (others)
  A plant (D:2)
1 creature vanquished.

Grand Total: 71 creatures vanquished

Notes
Turn   | Place    | Note
-------+----------+-------------------------------------------
     0 | D:1      | Htamos the Gnoll Arcane Marksman began the quest for the
                  | Orb.
     0 | D:1      | Reached XP level 1. HP: 17/17 MP: 4/4
    58 | D:1      | Reached XP level 2. HP: 20/23 MP: 5/5
   406 | D:1      | Reached XP level 3. HP: 28/28 MP: 7/7
   703 | D:2      | Reached skill level 1 in Invocations
   853 | D:2      | Noticed Natasha
   860 | D:2      | Killed Natasha
   860 | D:2      | Reached skill level 1 in Short Blades
   860 | D:2      | Reached skill level 1 in Long Blades
   860 | D:2      | Reached skill level 1 in Axes
   860 | D:2      | Reached skill level 1 in Maces & Flails
   860 | D:2      | Reached skill level 1 in Polearms
   860 | D:2      | Reached skill level 1 in Staves
   860 | D:2      | Reached skill level 1 in Slings
   860 | D:2      | Reached skill level 1 in Crossbows
   860 | D:2      | Reached skill level 1 in Throwing
   860 | D:2      | Reached skill level 1 in Armour
   860 | D:2      | Reached skill level 1 in Stealth
   860 | D:2      | Reached skill level 1 in Shields
   860 | D:2      | Reached skill level 1 in Unarmed Combat
   860 | D:2      | Reached skill level 1 in Evocations
   860 | D:2      | Reached XP level 4. HP: 34/34 MP: 8/8
  1120 | D:2      | Noticed Natasha
  1136 | D:2      | Killed Natasha
  1136 | D:2      | Reached skill level 1 in Conjurations
  1136 | D:2      | Reached skill level 1 in Charms
  1136 | D:2      | Reached skill level 1 in Summonings
  1136 | D:2      | Reached skill level 1 in Necromancy
  1136 | D:2      | Reached skill level 1 in Translocations
  1136 | D:2      | Reached skill level 1 in Transmutations
  1136 | D:2      | Reached skill level 1 in Fire Magic
  1136 | D:2      | Reached skill level 1 in Ice Magic
  1136 | D:2      | Reached skill level 1 in Air Magic
  1136 | D:2      | Reached skill level 1 in Earth Magic
  1136 | D:2      | Reached skill level 1 in Poison Magic
  1860 | D:2      | Reached XP level 5. HP: 40/40 MP: 9/9
  1915 | D:2      | Noticed Natasha
  1922 | D:2      | Killed Natasha
  2759 | D:3      | Found a shattered altar of Ashenzari.
  3475 | D:3      | Gained mutation: You have large cloven feet. [potion of
                  | mutation]
  3475 | D:3      | Gained mutation: You possess an exceptional clarity of
                  | mind. [potion of mutation]
  3498 | D:3      | Killed from afar by an orc priest

Skill      XL: |  1  2  3  4  5 |
---------------+----------------+-----
Invocations    | 1 |  1.9
Short Blades   | 1 |  1.6
Long Blades    | 1 |  1.6
Axes           | 1 |  1.6
Maces & Flails | 1 |  1.6
Polearms       | 1 |  1.6
Staves         | 1 |  1.6
Slings         | 1 |  1.6
Crossbows      | 1 |  1.6
Throwing       | 1 |  1.6
Armour         | 1 |  1.6
Stealth        | 1 |  1.6
Shields        | 1 |  1.6
Unarmed Combat | 1 |  1.6
Evocations     | 1 |  1.6
Spellcasting   | 3 |  3.2
Conjurations   | 1 |  1.3
Charms         | 1 |  1.3
Summonings     | 1 |  1.3
Necromancy     | 1 |  1.3
Translocations | 1 |  1.3
Transmutations | 1 |  1.3
Fire Magic     | 1 |  1.3
Ice Magic      | 1 |  1.3
Air Magic      | 1 |  1.3
Earth Magic    | 1 |  1.3
Poison Magic   | 1 |  1.3
Fighting       | 3 |  3.1
Bows           | |  4.8
Dodging        | |  4.8
Hexes          | |  5.6

Action                   |  1- 3 |  4- 6 || total
-------------------------+-------+-------++-------
Melee: Club              |    80 |   338 ||   418
       Bite              |     3 |    48 ||    51
 Fire: Shortbow          |    75 |    19 ||    94
Throw: Stone             |    38 |    28 ||    66
 Cast: Corona            |       |    19 ||    19
  Use: Scroll            |       |     7 ||     7
       Potion            |       |     6 ||     6
 Stab: Sleeping          |       |     1 ||     1
  Eat: Chunk             |       |     9 ||     9
Armor: Robe              |     1 |       ||     1
       Ring mail         |    49 |    96 ||   145
       Skin              |       |    13 ||    13
Dodge: Dodged            |    99 |   177 ||   276
